 Dungeon Crawl Stone Soup version 0.17-a0-112-ge7edae9 (webtiles) character file.

196264 Ngotmuk the Fighter (level 19, -4/153 HPs)
             Began as a Human Fighter on Mar 19, 2015.
             Was the Champion of Cheibriados.
             Slain by a ghost moth (7 damage)
             ... on level 5 of the Spider Nest.
             The game lasted 02:29:41 (33966 turns).

Ngotmuk the Fighter (Human Fighter)                Turns: 33966, Time: 02:29:42

Health: -4/153     AC: 24    Str: 39    XL:     19   Next: 53%
Magic:  0/30       EV: 21    Int: 25    God:    Cheibriados [******]
Gold:   2917       SH:  0    Dex: 33    Spells: 0 memorised, 18 levels left

rFire  + . .     SeeInvis .     N - +2 eveningstar (holy)
rCold  . . .     Clarity  .     W - +3 chain mail "Phusm" {MR+}
rNeg   + . .     SustAb   .     u - +18 shield of the gong {rElec rN+ MR+ EV-5}
rPois  .         Gourm    .     B - +2 helmet
rElec  +         Spirit   +     (no cloak)
rCorr  .         Warding  .     G - +0 pair of gloves
rMut   .         Stasis   .     m - +0 pair of boots
MR     +++..                    H - amulet of guardian spirit
Stlth  ..........               x - ring of flight
                                y - +6 ring of dexterity

@: confused, lethally poisoned (-4 -> -5), very slow, extremely resistant to
hostile enchantments, extremely unstealthy
A: molten scales 1, fire resistance 1
a: Bend Time, Temporal Distortion, Slouch, Step From Time, Renounce Religion,
Evoke Flight


You were on level 5 of the Spider Nest.
You worshipped Cheibriados.
Cheibriados was exalted by your worship.
You were not hungry.

You visited 6 branches of the dungeon, and saw 34 of its levels.
You also visited: Ice Cave.

You collected 3117 gold pieces.
You spent 200 gold pieces at shops.

Inventory:

Hand weapons
 N - a +2 eveningstar of holy wrath (weapon)
Armour
 m - a +0 pair of boots (worn)
 u - the +18 shield of the gong (worn) {rElec rN+ MR+ EV-5}
   (You found it on level 8 of the Dungeon)

   It affects your evasion (-5).
   It insulates you from electricity.
   It protects you from negative energy.
   It affects your resistance to hostile enchantments.
 A - the +1 chain mail of the Kettle-Drum {+Inv MR- rCorr Dex-4}
   (You found it on level 7 of the Dungeon)

   It affects your dexterity (-4).
   It affects your resistance to hostile enchantments.
   It lets you turn invisible.
   It protects you from acid and corrosion.
 B - a +2 helmet (worn)
 D - the +1 leather armour of Least Resistance {Dex+7}
   (You found it on level 8 of the Lair of Beasts)

   It affects your dexterity (+7).
 G - a +0 pair of gloves (worn)
 W - the +3 chain mail "Phusm" (worn) {MR+}
   (You found it on level 6 of the Lair of Beasts)

   It affects your resistance to hostile enchantments.
Jewellery
 o - an uncursed amulet of clarity
 s - an uncursed ring of protection from magic
 x - a ring of flight (right hand)
 y - a +6 ring of dexterity (left hand)
 z - a +2 ring of dexterity
 H - an amulet of guardian spirit (around neck)
Magical devices
 I - a wand of teleportation (0)
 L - a wand of teleportation (0)
Scrolls
 a - 5 scrolls of recharging
 g - 11 scrolls of remove curse
 j - 7 scrolls of magic mapping
 n - 3 scrolls of fog
 q - 6 scrolls of amnesia
 r - 4 scrolls of enchant weapon
 C - 2 scrolls of summoning
 E - 7 scrolls of teleportation
 J - a scroll of enchant armour
 M - a scroll of fear
 Q - a scroll of holy word
 R - 2 scrolls of random uselessness
Potions
 b - 3 potions of heal wounds
 e - 6 potions of might
 f - a potion of flight
 h - 4 potions of agility
 i - 2 potions of restore abilities
 l - a potion of ambrosia
 p - 2 potions of cure mutation
 t - 7 potions of curing
 v - 6 potions of brilliance
 w - 2 potions of magic
 F - a potion of lignification
 K - a potion of resistance
 S - a potion of invisibility
Miscellaneous
 T - a box of beasts
Comestibles
 c - 9 beef jerkies
 d - 15 bread rations
 k - 3 meat rations
 P - 5 fruits


   Skills:
 + Level 14.5 Fighting
 + Level 14.5 Maces & Flails
 + Level 14.3 Armour
 + Level 14.1 Dodging
 + Level 14.2 Shields
 - Level 9.2 Invocations


You had 18 spell levels left.
You didn't know any spells.

Dungeon Overview and Level Annotations

Branches:
Dungeon (15/15)            Temple (1/1) D:6            Lair (8/8) D:9
  Swamp (1/5) Lair:5       Spider (5/5) Lair:3        Slime (0/6) Lair:7
    Orc (4/4) D:9             Elf (0/3) Orc:3        Vaults (0/5) D:14
 Depths (0/5) D:15

Altars:
Ashenzari
Cheibriados
Dithmenos
Elyvilon
Fedhas
Gozag
Kikubaaqudgha
Makhleb
Nemelex Xobeh
Okawaru
Qazlal
Ru
Sif Muna
Trog
Vehumet
Xom
Yredelemnul
Zin
The Shining One
Beogh

Shops:
Orc:4 =?=?

Portals:
Hell: Lair:8


Innate Abilities, Weirdness & Mutations

You are partially covered in molten scales (AC +1).
Your flesh is heat resistant.


Message History

The tarantella misses you.
You feel sick. The tarantella completely misses you.
You feel you are being watched by something.
Something hits you but does no damage. Something hits you.
* * * LOW HITPOINT WARNING * * *
Something stings you but does no damage.
The tarantella misses you.
You feel you are being watched by something.
Something closely misses you. Something hits you!
* * * LOW HITPOINT WARNING * * *
Something stings you but does no damage.
The tarantella bites you but does no damage.
You're too confused to move!
You feel sick. The tarantella barely misses you. Something closely misses you.
Something hits you but does no damage. Something misses you.
The boulder beetle bites you!!
* * * LOW HITPOINT WARNING * * *
The tarantella bites you but does no damage.
You feel you are being watched by something.
Something hits you but does no damage. Something hits you!
You die...

...#.#.^...#.#
##.#...#...###
####^..##....##
#^.^..##.....#
##.....###...#
#....#.###..##.#
#..#..#.....^#^.#
##.^##†..^#.....#
##.@.#..#......#.#
###.Bs††....#......#
#.....†.†.........#
#..s#.##.†#....##..^#
#...#........#..#...###
.................†#....#.
...##.#........†..#.#..#
##^#..#.^...........
#.###....##...#^....


You could see a boulder beetle, an orb spider and a tarantella.

Vanquished Creatures
  Arachne (Spider:3)
  An Ice Fiend (IceCv)
  Asterion (Spider:1)
  Agnes (Spider:3)
  Donald (Swamp:1)
  Aizul (Spider:1)
  4 emperor scorpions
  A caustic shrike skeleton (D:15)
  3 dire elephants (Lair:8)
  Azrael (Spider:1)
  2 crystal guardians (D:14)
  4 vault guards (D:14)
  Nessos (Swamp:1)
  2 alligators (Swamp:1)
  7 centaur warriors
  Erica (D:11)
  10 hydras
  A catoblepas (Lair:4)
  2 tengu warriors
  2 ogre magi (Orc:4)
  Urug (Spider:1)
  4 unseen horrors
  A sun demon (Lair:8)
  A spriggan (Swamp:1)
  The ghost of BluebellGnoll the Spear-Bearer, an experienced MfSk of Okawaru (D:6)
  5 ice devils (IceCv)
  6 skeletal warriors
  A flayed ghost (D:13)
  2 deep trolls
  An ice statue (IceCv)
  A swamp dragon (Swamp:1)
  3 spectral hydras (Swamp:1)
  2 necromancers
  An orc knight (Orc:2)
  12 hill giants
  A phantasmal warrior (D:14)
  A deep elf conjurer (D:15)
  A manticore (D:12)
  An iron dragon zombie (D:15)
  6 hornets
  An ugly thing (D:12)
  A wizard (Lair:8)
  9 black mambas
  13 orb spiders
  24 wolf spiders
  2 orc sorcerers
  5 cyclopes
  2 moths of wrath
  6 elephants (Lair:8)
  4 orange demons (Lair:8)
  A smoke demon (Lair:8)
  A frost giant skeleton (D:15)
  Joseph (D:8)
  4 gargoyles
  A queen ant (Lair:8)
  2 torpor snails (Spider:3)
  An orange crystal statue (D:14)
  12 spiny frogs
  5 kobold demonologists
  A yaktaur (shapeshifter) (D:14)
  6 fire drakes
  14 demonic crawlers
  A komodo dragon (shapeshifter) (D:14)
  9 komodo dragons
  12 trolls
  2 red devils (Lair:8)
  A hellwing (Lair:8)
  A polar bear (Lair:4)
  2 anaconda simulacra (IceCv)
  2 giant leeches (Swamp:1)
  32 jumping spiders
  10 bog bodies (Swamp:1)
  6 blue devils
  7 slime creatures
  A tengu conjurer (D:15)
  Prince Ribbit (D:8)
  A hornet zombie (D:13)
  2 spectral swamp dragons (Swamp:1)
  A deep troll zombie (D:15)
  2 trapdoor spider zombies
  4 freezing wraiths
  9 two-headed ogres
  11 ravens
  A boulder beetle (Lair:8)
  29 blink frogs
  2 alligator zombies (Swamp:1)
  38 redbacks
  23 trapdoor spiders
  A tarantella (shapeshifter) (D:13)
  2 basilisks
  6 wyverns
  3 centaur simulacra
  3 shadows
  6 deep elf magi
  3 hungry ghosts
  2 dire elephant simulacra (IceCv)
  A hill giant zombie (D:12)
  18 tarantellas
  13 vampire mosquitoes
  6 harpy simulacra (IceCv)
  2 giant leech zombies (Swamp:1)
  Grum (D:11)
  A steam dragon (Lair:2)
  12 hippogriffs
  A wraith (D:13)
  4 fire elementals
  3 iron troll simulacra (IceCv)
  2 wargs (Orc:4)
  52 yaks
  A human zombie (D:15)
  An ogre zombie (Orc:4)
  11 wolves
  A death yak simulacrum (IceCv)
  3 hydra simulacra (IceCv)
  6 swamp worms (Swamp:1)
  9 soldier ants
  3 mottled dragons
  11 porcupines
  18 water moccasins
  5 hell hounds (Spider:1)
  2 swamp drakes (Swamp:1)
  15 ice beasts
  5 sky beasts
  40 spiders
  3 boggarts (D:15)
  4 wasps
  An eye of draining (D:14)
  16 orc warriors
  2 phantoms
  A black bear (D:11)
  28 ogres
  3 ettin simulacra (IceCv)
  28 centaurs
  3 boring beetles
  15 giant frogs
  3 big kobolds (D:8)
  A brain worm (D:13)
  21 crocodiles
  Blork the orc (D:8)
  A cyclops zombie (D:15)
  A wyvern zombie (D:11)
  A wyvern skeleton (D:7)
  2 gnoll sergeants
  6 scorpions
  2 spriggan zombies (Swamp:1)
  A troll zombie (Swamp:1)
  A swamp dragon simulacrum (IceCv)
  14 wights
  15 killer bees
  4 draconian simulacra (IceCv)
  8 crimson imps
  11 electric eels
  A goliath beetle (D:8)
  A quasit (D:12)
  4 giant frog zombies
  An elf zombie (D:12)
  15 hounds
  7 centaur zombies
  2 giant frog skeletons
  8 jellies
  24 orc priests
  7 centaur skeletons
  46 orc wizards
  2 troll simulacra (IceCv)
  19 iguanas
  A killer bee zombie (D:12)
  7 sheep
  3 spriggan simulacra (IceCv)
  28 worker ants
  A wolf simulacrum (IceCv)
  A hound zombie (D:5)
  2 mummies
  A worker ant zombie (D:6)
  26 adders
  12 gnolls
  6 naga simulacra (IceCv)
  6 orc zombies
  15 river rats (Lair:6)
  5 shadow imps
  3 giant mites
  A white imp (IceCv)
  2 worms (D:2)
  8 ufetubi (IceCv)
  4 adder skeletons
  2 adder zombies
  7 giant geckos
  195 orcs
  26 bats
  2 bat skeletons
  2 bat zombies (D:6)
  8 giant cockroaches
  18 goblins
  20 hobgoblins
  9 quokkas
  A giant gecko zombie (D:6)
  7 giant newts
  16 jackals
  A jackal skeleton (D:6)
  A jackal zombie (D:6)
  30 kobolds
  2 orc skeletons (Orc:4)
  2 quokka skeletons
  19 rats
  12 ballistomycetes
  2 fungi
  3 plants
1549 creatures vanquished.

Vanquished Creatures (others)
  A ghost moth (Spider:3)
  A trapdoor spider (Spider:2)
  2 wolves (Lair:8)
  A phantom (D:13)
  A human (D:4)
  A centaur (D:14)
  A giant frog zombie (D:13)
  An iguana (D:6)
  5 sheep (D:9)
  A bat zombie (D:6)
  5 giant spores
  A quokka zombie (D:7)
  A ballistomycete (D:14)
  5 fungi
  3 plants
30 creatures vanquished.

Grand Total: 1579 creatures vanquished

Notes
Turn   | Place    | Note
--------------------------------------------------------------
     0 | D:1      | Ngotmuk, the Human Fighter, began the quest for the Orb.
     0 | D:1      | Reached XP level 1. HP: 18/18 MP: 1/1
    57 | D:1      | Reached XP level 2. HP: 16/24 MP: 2/2
   235 | D:1      | You fall through a shaft!
   308 | D:2      | Reached skill level 1 in Dodging
   308 | D:2      | Reached XP level 3. HP: 21/29 MP: 3/3
   775 | D:1      | Reached XP level 4. HP: 35/35 MP: 4/4
  1339 | D:2      | Reached XP level 5. HP: 32/41 MP: 5/5
  1715 | D:3      | Found a shadowy altar of Dithmenos.
  2323 | D:3      | Noticed a centaur
  2337 | D:3      | Killed a centaur
  2337 | D:3      | Reached skill level 4 in Fighting
  2337 | D:3      | Reached XP level 6. HP: 21/48 MP: 6/6
  2793 | D:4      | Reached XP level 7. HP: 42/54 MP: 7/7
  2966 | D:5      | Entered Level 5 of the Dungeon
  3515 | D:4      | Found an ancient bone altar of Kikubaaqudgha.
  3515 | D:4      | Noticed a human
  3527 | D:4      | Killed a human
  3854 | D:4      | Reached XP level 8. HP: 51/61 MP: 8/8
  4179 | D:4      | Reached skill level 5 in Fighting
  4341 | D:3      | HP: 1/62 [something (5)]
  4514 | D:4      | Reached skill level 5 in Armour
  4683 | D:5      | Reached skill level 5 in Shields
  5706 | D:5      | Reached XP level 9. HP: 37/69 MP: 9/9
  5876 | D:5      | Reached skill level 5 in Maces & Flails
  5998 | D:6      | Noticed BluebellGnoll's ghost (experienced MfSk)
  6057 | D:6      | Killed BluebellGnoll's ghost
  6057 | D:6      | Reached skill level 6 in Fighting
  6057 | D:6      | Reached skill level 5 in Dodging
  6182 | D:6      | Found a staircase to the Ecumenical Temple.
  6189 | Temple   | Entered the Ecumenical Temple
  6281 | Temple   | Became a worshipper of Cheibriados the Contemplative
  6993 | D:6      | Acquired Cheibriados' first power
  7247 | D:7      | Reached XP level 10. HP: 57/77 MP: 11/11
  7304 | D:7      | Got a faintly humming chain mail
  7319 | D:7      | Identified the +1 chain mail of the Kettle-Drum {+Inv MR- rCorr Dex-4} (You found it on level 7 of the Dungeon)
  7365 | D:7      | Reached skill level 1 in Invocations
  7528 | D:7      | Reached skill level 7 in Fighting
  8072 | D:8      | Noticed Blork the orc
  8077 | D:8      | Killed Blork the orc
  8110 | D:8      | Acquired Cheibriados' second power
  8155 | D:8      | Noticed Prince Ribbit
  8173 | D:8      | Killed Prince Ribbit
  8353 | D:8      | HP: 3/79 [iguana[a worker ant] (5)]
  8360 | D:8      | HP: 2/79 [poisoned by a worker ant]
  8367 | D:8      | HP: 1/79 [poisoned by a worker ant]
  8372 | D:8      | HP: 2/79 [poisoned by a worker ant]
  8377 | D:8      | HP: 2/79 [poisoned by a worker ant]
  8382 | D:8      | HP: 2/79 [poisoned by a worker ant]
  8388 | D:8      | HP: 2/79 [poisoned by a worker ant]
  8693 | D:8      | Noticed Joseph
  8986 | D:8      | Killed Joseph
  9035 | D:8      | Gained mutation: You are agile. (Dex +2) [potion of mutation]
  9035 | D:8      | Gained mutation: Your natural rate of healing is unusually fast. [potion of mutation]
  9035 | D:8      | Gained mutation: Your body is slowly deteriorating. [potion of mutation]
  9038 | D:8      | Lost mutation: You are agile. (Dex +2) [potion of cure mutation]
  9038 | D:8      | Lost mutation: Your body is slowly deteriorating. [potion of cure mutation]
  9038 | D:8      | Lost mutation: Your natural rate of healing is unusually fast. [potion of cure mutation]
  9180 | D:9      | Acquired Cheibriados' third power
  9267 | D:9      | Reached XP level 11. HP: 47/86 MP: 16/18
  9499 | D:9      | Found a glowing golden altar of the Shining One.
  9564 | D:9      | Found a shimmering altar of Xom.
  9764 | D:9      | Found a staircase to the Lair.
  9798 | D:9      | Reached skill level 8 in Fighting
  9869 | D:9      | Noticed a centaur warrior
  9879 | D:9      | Acquired Cheibriados' fourth power
  9886 | D:9      | Killed a centaur warrior
  9954 | D:9      | Found a staircase to the Orcish Mines.
 10220 | D:10     | Entered Level 10 of the Dungeon
 10447 | D:10     | Reached skill level 5 in Invocations
 10741 | D:10     | Killed an unseen horror
 10998 | D:11     | Noticed a hill giant
 11002 | D:11     | Killed a hill giant
 11246 | D:11     | Noticed Erica
 11251 | D:11     | Killed Erica
 11251 | D:11     | Reached XP level 12. HP: 77/94 MP: 20/22
 11448 | D:11     | Reached skill level 9 in Fighting
 11455 | D:11     | Noticed Grum
 11464 | D:11     | Killed Grum
 11657 | D:12     | Gained mutation: You are partially covered in molten scales (AC +1). [mutagenic meat]
 12771 | D:12     | Reached XP level 13. HP: 93/101 MP: 24/24
 13293 | D:13     | Reached skill level 10 in Fighting
 13632 | D:13     | Reached skill level 10 in Shields
 14077 | D:13     | Reached skill level 10 in Armour
 14380 | D:14     | Reached XP level 14. HP: 101/111 MP: 25/27
 14393 | D:14     | Reached skill level 10 in Maces & Flails
 14399 | D:14     | Noticed a vault guard
 14408 | D:14     | Killed a vault guard
 14553 | D:13     | Gained mutation: Your flesh is heat resistant. [mutagenic meat]
 14569 | D:14     | Noticed a vault guard
 14739 | D:14     | Killed a vault guard
 14768 | D:14     | Noticed a vault guard
 14776 | D:14     | Killed a vault guard
 14777 | D:14     | Reached skill level 10 in Dodging
 14879 | D:14     | Found a gate to the Vaults.
 14881 | D:14     | Noticed a vault guard
 14889 | D:14     | HP: 4/111 [red ugly thing[a worker ant] (9)]
 14941 | D:14     | Killed a vault guard
 14941 | D:14     | Reached skill level 11 in Fighting
 15505 | D:14     | Found a runed door.
 15505 | D:14     | Noticed a crystal guardian
 15506 | D:14     | Noticed a crystal guardian
 15526 | D:14     | Killed a crystal guardian
 15536 | D:14     | Killed a crystal guardian
 16071 | D:14     | Got a spiked ring mail
 16158 | D:14     | Identified the cursed +0 ring mail of Dishonesty {rC+ Int+4 Stlth+} (You found it on level 14 of the Dungeon)
 16161 | D:14     | Reached XP level 15. HP: 119/119 MP: 0/28
 16221 | D:15     | Entered Level 15 of the Dungeon
 16699 | D:15     | Reached XP level 16. HP: 62/127 MP: 19/28
 16881 | D:15     | Found a staircase to the Depths.
 17522 | Orc:1    | Entered Level 1 of the Orcish Mines
 18261 | Orc:3    | Found a staircase to the Elven Halls.
 18864 | Orc:4    | Entered Level 4 of the Orcish Mines
 18959 | Orc:4    | Reached skill level 12 in Fighting
 19402 | Orc:4    | Found Cimputou's Jewellery Shoppe.
 19493 | Orc:4    | Found Ghitanwo's Magic Scroll Shop.
 19496 | Orc:4    | Found Opnupniv's Jewellery Emporium.
 19499 | Orc:4    | Found Fraygh's Magic Scroll Shoppe.
 19550 | Orc:4    | Bought a scroll of summoning for 152 gold pieces
 19550 | Orc:4    | Bought a scroll of teleportation for 48 gold pieces
 19643 | Orc:4    | Found an iron altar of Okawaru.
 19722 | Orc:4    | Found a roughly hewn altar of Beogh.
 20185 | Lair:1   | Entered Level 1 of the Lair of Beasts
 21729 | Lair:3   | Found a hole to the Spider Nest.
 23342 | Lair:5   | Reached XP level 17. HP: 135/135 MP: 29/29
 23490 | Lair:5   | Found a staircase to the Swamp.
 23597 | Swamp:1  | Entered Level 1 of the Swamp
 23604 | Swamp:1  | Noticed Donald
 23621 | Swamp:1  | Killed Donald
 23647 | Swamp:1  | Noticed Nessos
 23670 | Swamp:1  | Killed Nessos
 23931 | Swamp:1  | Found a frozen archway.
 23940 | IceCv    | Entered an ice cave
 24802 | IceCv    | Noticed an Ice Fiend
 24808 | IceCv    | Killed an Ice Fiend
 24808 | IceCv    | Reached skill level 13 in Fighting
 26554 | Lair:6   | Got a spiked chain mail
 26565 | Lair:6   | Identified the +3 chain mail "Phusm" {MR+} (You found it on level 6 of the Lair of Beasts)
 27208 | Lair:7   | Found a staircase to the Slime Pits.
 27671 | Lair:8   | Entered Level 8 of the Lair of Beasts
 27697 | Lair:8   | Reached XP level 18. HP: 119/144 MP: 26/30
 28575 | Lair:8   | Got a dazzling leather armour
 28586 | Lair:8   | Identified the +1 leather armour of Least Resistance {Dex+7} (You found it on level 8 of the Lair of Beasts)
 28949 | Lair:8   | Found a burning altar of Makhleb.
 28997 | Lair:8   | Found a gateway to Hell.
 29754 | Spider:1 | Entered Level 1 of the Spider Nest
 29756 | Spider:1 | Noticed Azrael
 29766 | Spider:1 | Killed Azrael
 29807 | Spider:1 | Noticed Asterion
 29821 | Spider:1 | Killed Asterion
 29823 | Spider:1 | Noticed Aizul
 29829 | Spider:1 | Killed Aizul
 29889 | Spider:1 | Noticed Urug
 29897 | Spider:1 | Killed Urug
 30602 | Spider:2 | Reached skill level 14 in Fighting
 31082 | Spider:2 | Identified a scroll of acquirement
 31473 | Spider:3 | Noticed Agnes
 31479 | Spider:3 | Killed Agnes
 31644 | Spider:3 | Reached XP level 19. HP: 152/152 MP: 30/30
 32824 | Spider:4 | Noticed Arachne
 32844 | Spider:3 | Killed Arachne
 33807 | Spider:5 | Entered Level 5 of the Spider Nest
 33966 | Spider:5 | HP: 3/153 [boulder beetle (19)]
 33966 | Spider:5 | Slain by a ghost moth

Action                   |  1- 3 |  4- 6 |  7- 9 | 10-12 | 13-15 | 16-18 | 19-21 || total
-------------------------+-------+-------+-------+-------+-------+-------+-------++-------
Melee: Flail             |   116 |   200 |   180 |   523 |   614 |   856 |       ||  2489
       Morningstar       |       |       |   274 |    30 |       |       |       ||   304
       Unarmed           |       |       |       |   122 |       |       |       ||   122
       Eveningstar       |       |       |       |       |       |   801 |   237 ||  1038
Invok: Slouch            |       |       |       |       |     1 |     5 |     3 ||     9
 Abil: Evoke Flight      |       |       |       |       |       |     1 |       ||     1
Evoke: Box of beasts     |       |       |       |       |       |     1 |       ||     1
       Wand              |       |       |       |       |       |     1 |     2 ||     3
  Use: Scroll            |       |     3 |     3 |    14 |     9 |    14 |     2 ||    45
       Potion            |       |       |     1 |     9 |     4 |       |     6 ||    20
 Stab: Distracted        |       |       |       |     1 |       |       |       ||     1
       Confused          |       |       |       |       |     1 |       |       ||     1
       Sleeping          |       |       |       |       |     1 |       |       ||     1
  Eat: Bread ration      |       |     2 |     2 |       |     1 |     1 |       ||     6
       Pizza             |       |       |     1 |     2 |       |     1 |       ||     4
       Royal jelly       |       |       |     1 |     2 |     1 |       |     1 ||     5
       Meat ration       |       |       |       |     1 |     1 |     3 |       ||     5
       Beef jerky        |       |       |       |     1 |       |     1 |       ||     2
       Chunk             |       |       |       |     1 |     2 |       |       ||     3
       Fruit             |       |       |       |       |       |    13 |     6 ||    19
